[Event "Titled Tuesday Blitz January 17 Early 2023"]
[White "Buchenau, Frank"]
[Black "Tarnowska, Aleksandra"]
[WhiteFideId "4604350"]
[BlackFideId "1180967"]
[WhiteElo "2222"]
[BlackElo "1835"]
[Result "1-0"]
[Round "04"]
[TimeControl "180+2"]
[Date "2023.01.17"]
[WhiteClock "0:00:52"]
[BlackClock "0:00:05"]

1. e4 c5 2. Nf3 e6 3. d4 cxd4 4. Nxd4 a6 5. Bd3 Bc5 6. Nb3 Be7 7. Qg4 g6 8. O-O Nf6 9. Qe2 d6 10. Bh6 Nbd7 11. f4 Qc7 12. a4 b6 13. Na3 Bb7 14. a5 b5 15. c4 b4 16. Nc2 Nc5 17. Nxc5 dxc5 18. e5 Nd7 19. Be4 Bf8 20. Bxf8 Nxf8 21. Qf3 Bxe4 22. Qxe4 Rc8 23. Ne3 Qc6 24. Qxc6+ Rxc6 25. Ng4 Nd7 26. Rad1 h5 27. Nf2 Ke7 28. Ne4 Rd8 29. Rd6 Rxd6 30. Nxd6 Nb8 31. g3 Nc6 32. Nb7 Rd2 33. Rf2 Rd1+ 34. Kg2 f6 35. exf6+ Kxf6 36. Nxc5 Nxa5 37. Re2 Nxc4 38. Rxe6+ Kg7 39. b3 Rd2+ 40. Kf3 Na5 41. Rxa6 Ra2 42. Nb7 Rb2 43. Nxa5 Rxb3+ 44. Nxb3 1-0


[Site "https://www.chess.com"]

[Event "Titled Tuesday Blitz January 17 Early 2023"]
[White "Aung Thant Zin"]
[Black "Jovic, Stanoje"]
[WhiteFideId "13000063"]
[BlackFideId "905020"]
[WhiteElo "2268"]
[BlackElo "2075"]
[Result "0-1"]
[Round "04"]
[TimeControl "180+2"]
[Date "2023.01.17"]
[WhiteClock "0:00:29"]
[BlackClock "0:01:25"]

1. e4 c6 2. d4 d5 3. Nc3 dxe4 4. Nxe4 Nf6 5. Nxf6+ exf6 6. Nf3 Bd6 7. Be2 O-O 8. O-O Re8 9. Be3 Bg4 10. Qd2 Qc7 11. h3 Bh5 12. Rfe1 Nd7 13. c4 c5 14. Rad1 Re7 15. dxc5 Bxc5 16. Nd4 Bxe2 17. Rxe2 Bxd4 18. Qxd4 Rae8 19. Bf4 Ne5 20. b3 b6 21. Red2 g5 22. Bg3 Kg7 23. Qd6 Qb7 24. Qd5 Qa6 25. Qe4 Ng6 26. Qf5 h5 27. Bd6 Re2 28. Bb4 Qb7 29. Bc3 Qxg2+ 30. Kxg2 Nh4+ 0-1


[Site "https://www.chess.com"]

[Event "Titled Tuesday Blitz January 17 Early 2023"]
[White "Valle Maytin, Luis Enrique"]
[Black "Chilukuri, Sai Varshith"]
[WhiteFideId "3503666"]
[BlackFideId "25617125"]
[WhiteElo "2241"]
[BlackElo "1943"]
[Result "1-0"]
[Round "04"]
[TimeControl "180+2"]
[Date "2023.01.17"]
[WhiteClock "0:02:16"]
[BlackClock "0:02:03"]

1. e4 c5 2. Nf3 Nc6 3. d4 cxd4 4. Nxd4 Nf6 5. Nc3 e5 6. Ndb5 d6 7. Bg5 a6 8. Na3 b5 9. Nd5 Be7 10. Bxf6 Bxf6 11. c3 Rb8 12. Nc2 Bg5 13. Bd3 Be6 14. Ndb4 Nxb4 15. Nxb4 Qb6 16. a4 Bc4 17. Bxc4 bxc4 18. a5 Qb7 19. Qxd6 Qxe4+ 20. Kf1 Be7 21. Qxb8+ 1-0


[Site "https://www.chess.com"]

[Event "Titled Tuesday Blitz January 17 Early 2023"]
[White "Erzhanov, Arman"]
[Black "Better_Chess_Faster"]
[WhiteFideId "4138821"]
[WhiteElo "2228"]
[BlackElo "2030"]
[Result "1/2-1/2"]
[Round "04"]
[TimeControl "180+2"]
[Date "2023.01.17"]
[WhiteClock "0:00:25"]
[BlackClock "0:00:42"]

1. e4 e5 2. Nf3 Nc6 3. Bc4 Nf6 4. d4 exd4 5. e5 Ne4 6. Qe2 Nc5 7. O-O Ne6 8. Rd1 d5 9. exd6 Bxd6 10. Bg5 Qd7 11. Bxe6 Qxe6 12. Qxe6+ Bxe6 13. Nxd4 Nxd4 14. Rxd4 O-O 15. Nc3 Be5 16. Rd2 Bxc3 17. bxc3 f6 18. Bf4 Rf7 19. a3 Kf8 20. Rad1 Ke8 21. Re1 Re7 22. Bxc7 Rxc7 23. Rxe6+ Kf7 24. Re3 Rac8 25. Rdd3 g6 26. Kf1 f5 27. g3 Kf6 28. Ke2 a6 29. Kd2 h6 30. f4 Rc6 31. Re5 R8c7 32. Red5 b5 33. Rd6+ Kf7 34. Rxc6 Rxc6 35. Rd7+ Kf6 36. Rh7 h5 37. Ra7 Ke6 38. Kd3 Kd6 39. Kd4 Rc4+ 40. Kd3 Rc6 41. Rg7 Kc5 42. h3 Rd6+ 43. Ke2 Kc4 44. Rc7+ Kd5 45. Kd3 Ke6+ 46. Ke3 Kd5 47. Rc8 Re6+ 48. Kd3 Rd6 49. c4+ bxc4+ 50. Rxc4 Rb6 51. Rb4 Re6 52. Ra4 Kc5 53. Ra5+ Kb6 54. Re5 Rd6+ 55. Kc3 Rd1 56. Re6+ Kb5 57. Rxg6 Rf1 58. Rg5 Rf3+ 59. Kb2 Ka4 60. Rxf5 Rxg3 61. Rxh5 Rf3 62. f5 a5 63. h4 Rf4 64. Rh8 Rxf5 65. h5 Rf3 66. h6 Rxa3 67. Rb8 Rh3 68. Rb6 Rh4 69. Kc3 Rh2 70. Kd3 Ka3 71. c4 a4 72. c5 Ka2 73. Ra6 a3 74. Ke4 Kb2 75. Kf5 a2 76. Kg6 a1=Q 77. Rxa1 Kxa1 78. h7 Rg2+ 79. Kf7 Rf2+ 80. Kg8 Rg2+ 81. Kf8 Rf2+ 82. Kg7 Rg2+ 83. Kh6 Rh2+ 84. Kg6 Rg2+ 85. Kf7 Rf2+ 86. Kg8 Rg2+ 87. Kf8 Rf2+ 88. Kg7 Rg2+ 89. Kh6 Rh2+ 90. Kg6 1/2-1/2


[Site "https://www.chess.com"]

[Event "Titled Tuesday Blitz January 17 Early 2023"]
[White "Mohammadian, Mohammad"]
[Black "Jenkins, Drake"]
[WhiteFideId "12566055"]
[BlackFideId "2022397"]
[WhiteElo "1398"]
[BlackElo "2130"]
[Result "0-1"]
[Round "04"]
[TimeControl "180+2"]
[Date "2023.01.17"]
[WhiteClock "0:00:04"]
[BlackClock "0:00:19"]

1. e4 c5 2. Nf3 g6 3. d4 cxd4 4. Nxd4 Nf6 5. Nc3 h5 6. Be2 Bg7 7. Be3 Nc6 8. Qd2 O-O 9. O-O-O Nxd4 10. Bxd4 Qa5 11. f3 d6 12. Be3 Be6 13. Bh6 Rfc8 14. Bxg7 Kxg7 15. Nd5 Qxa2 16. Qd4 Bxd5 17. exd5 Rc5 18. Bd3 Rxd5 19. Qc3 Rc5 20. Qb3 Qxb3 21. Kd2 Qb4+ 22. Ke2 Rac8 23. Rd2 Qxb2 24. Rhd1 a5 25. c4 Qe5+ 26. Kf2 Qxh2 27. Re1 Qh4+ 28. Kf1 R8c7 29. Ree2 Rxc4 30. Bxc4 Qxc4 31. Kf2 a4 32. Kg1 b5 33. Kh2 a3 34. Re3 Qf4+ 35. g3 Qxe3 0-1


[Site "https://www.chess.com"]

[Event "Titled Tuesday Blitz January 17 Early 2023"]
[White "Shipov, Sergei"]
[Black "Topalov, Aleksandar"]
[WhiteFideId "4113624"]
[BlackFideId "925659"]
[WhiteElo "2541"]
[BlackElo "2233"]
[Result "1-0"]
[Round "04"]
[TimeControl "180+2"]
[Date "2023.01.17"]
[WhiteClock "0:00:33"]
[BlackClock "0:00:05"]

1. d4 Nf6 2. c4 c5 3. d5 d6 4. Nc3 g6 5. e4 Bg7 6. Bd3 O-O 7. h3 Na6 8. Nf3 Nc7 9. a4 e5 10. g4 h5 11. g5 Nh7 12. Be3 b6 13. Qc2 Bd7 14. Qe2 Re8 15. Kd2 Nf8 16. Kc2 a6 17. Nd2 Rb8 18. h4 Rb7 19. Rhf1 Qb8 20. f4 b5 21. f5 b4 22. Nd1 a5 23. Nf2 b3+ 24. Kb1 Na6 25. f6 Bh8 26. Nd1 Nb4 27. Nc3 Nc2 28. Bxc2 bxc2+ 29. Kxc2 Rxb2+ 30. Kd3 Qb4 31. Rfb1 Rb8 32. Qe1 Be8 33. Rxb2 Qxb2 34. Rb1 Qxb1+ 35. Ndxb1 Rb2 36. Bd2 Nd7 37. Qc1 Rb3 38. Qc2 Rb8 39. Nb5 Nb6 40. Nxd6 Bxa4 41. Qa2 Bd7 42. Nc3 a4 43. Be3 Ra8 44. Bxc5 1-0


[Site "https://www.chess.com"]

[Event "Titled Tuesday Blitz January 17 Early 2023"]
[White "Biastoch, Bennet"]
[Black "Degtiarev, Evgeny"]
[WhiteFideId "12939889"]
[BlackFideId "4149610"]
[WhiteElo "2257"]
[BlackElo "2385"]
[Result "1-0"]
[Round "04"]
[TimeControl "180+2"]
[Date "2023.01.17"]
[WhiteClock "0:00:37"]
[BlackClock "0:00:06"]

1. e4 e5 2. Nf3 Nc6 3. Bc4 Bc5 4. c3 Nf6 5. d3 O-O 6. O-O d6 7. Re1 h6 8. h3 a6 9. a4 Be6 10. Bxe6 fxe6 11. Be3 Ba7 12. b4 Ne7 13. Nbd2 Ng6 14. Nf1 Nh5 15. Bxa7 Rxa7 16. Nxe5 Nxe5 17. Qxh5 Nxd3 18. Re3 Nf4 19. Qg4 h5 20. Qd1 e5 21. Kh2 g6 22. g3 Ne6 23. Kg2 Kg7 24. Rf3 Rxf3 25. Qxf3 Qf6 26. Qxf6+ Kxf6 27. Ne3 Ra8 28. h4 Rd8 29. a5 c6 30. Rd1 Nc7 31. Nc4 Nb5 32. Rd3 Ke7 33. Nb6 Ke6 34. Kf3 d5 35. Ke2 d4 36. cxd4 Rxd4 37. Rxd4 Nxd4+ 38. Kd3 Nb5 39. Na4 Nd6 40. f4 Kf6 41. Nb2 exf4 42. gxf4 Nb5 43. Nc4 Ke6 44. Nb2 Nd6 45. Na4 Ke7 46. Nc5 Kd8 47. e5 Nf5 48. Nxb7+ Kc7 49. Nc5 Nxh4 50. Nxa6+ Kb7 51. Nc5+ Kc7 52. e6 Nf5 53. Ke4 h4 54. Kf3 Nd4+ 55. Kg4 Nc2 56. e7 1-0


[Site "https://www.chess.com"]

[Event "Titled Tuesday Blitz January 17 Early 2023"]
[White "Baches Garcia, Guillermo"]
[Black "Kalajzic, Ivan"]
[WhiteFideId "2209764"]
[BlackFideId "14506378"]
[WhiteElo "2327"]
[BlackElo "2062"]
[Result "0-1"]
[Round "04"]
[TimeControl "180+2"]
[Date "2023.01.17"]
[WhiteClock "0:00:20"]
[BlackClock "0:00:19"]

1. e4 c6 2. d4 d5 3. e5 c5 4. dxc5 e6 5. Be3 Nc6 6. Nf3 Qc7 7. Bb5 Bd7 8. Bxc6 bxc6 9. c3 Ne7 10. Nbd2 Ng6 11. Bd4 Be7 12. O-O O-O 13. b4 f6 14. Re1 f5 15. a3 Nf4 16. Nf1 Be8 17. Ne3 Bh5 18. Nf1 g5 19. Ng3 Bxf3 20. Qxf3 Qd8 21. Nh5 Nxh5 22. Qxh5 Rf7 23. h3 Rg7 24. Re3 Rg6 25. Rd1 Qf8 26. Qe2 f4 27. Red3 Qf5 28. c4 Rf8 29. cxd5 cxd5 30. f3 h5 31. Kf1 g4 32. hxg4 hxg4 33. Ke1 Rf7 34. Kd2 Rh7 35. Kc3 Rh2 36. Qf1 gxf3 37. gxf3 Rgg2 38. R3d2 Qh3 39. c6 Bd8 40. b5 Ba5+ 41. Kd3 Rxd2+ 0-1


[Site "https://www.chess.com"]

[Event "Titled Tuesday Blitz January 17 Early 2023"]
[White "Szyszylo, Rafal"]
[Black "Bas Mas, Jose Joaquin"]
[WhiteFideId "1109626"]
[BlackFideId "22219064"]
[WhiteElo "2091"]
[BlackElo "2197"]
[Result "1-0"]
[Round "04"]
[TimeControl "180+2"]
[Date "2023.01.17"]
[WhiteClock "0:01:06"]
[BlackClock "0:00:28"]

1. e4 Nf6 2. e5 Nd5 3. d4 d6 4. Nf3 dxe5 5. Nxe5 c6 6. Be2 Bf5 7. O-O Nd7 8. Nf3 e6 9. Re1 Be7 10. a3 O-O 11. c4 N5f6 12. Nc3 Qc7 13. h3 h6 14. Be3 Rad8 15. Qc1 Rfe8 16. c5 Ne4 17. Bf4 Qc8 18. b4 Nxc3 19. Qxc3 Nf6 20. Be5 Nd5 21. Qb3 Bf6 22. b5 Bxe5 23. dxe5 Nc7 24. bxc6 bxc6 25. Red1 Rd5 26. Rxd5 cxd5 27. Nd4 Bg6 28. c6 Qb8 29. Qb4 a6 30. Rc1 Rc8 31. Qb7 Kf8 32. Bxa6 Nxa6 33. Qxa6 Ke7 34. c7 Rxc7 35. Qd6+ Ke8 36. Qxc7 1-0


[Site "https://www.chess.com"]

[Event "Titled Tuesday Blitz January 17 Early 2023"]
[White "Riverol, Jose"]
[Black "Lacasa Diaz, Jose Antonio"]
[WhiteFideId "3000427"]
[BlackFideId "2203375"]
[WhiteElo "2304"]
[BlackElo "2359"]
[Result "1/2-1/2"]
[Round "04"]
[TimeControl "180+2"]
[Date "2023.01.17"]
[WhiteClock "0:00:11"]
[BlackClock "0:00:11"]

1. d4 d5 2. c4 e6 3. Nc3 c5 4. Nf3 Nc6 5. cxd5 exd5 6. Bg5 Be7 7. Bxe7 Ngxe7 8. e3 c4 9. b3 b5 10. bxc4 bxc4 11. e4 O-O 12. Be2 Bg4 13. exd5 Nxd5 14. Nxd5 Qxd5 15. O-O Rac8 16. Rc1 Bxf3 17. Bxf3 Qxd4 18. Qa4 Ne5 19. Be2 g6 20. Rfd1 Qc5 21. Rc3 Rc7 22. h3 Rb8 23. Rdc1 Rbc8 24. g3 h5 25. h4 Qd4 26. a3 Rc6 27. Qb4 Rf6 28. Re3 Kg7 29. Qc3 Qxc3 30. Rcxc3 Re6 31. Re4 Rc7 32. f4 Ng4 33. Rxe6 fxe6 34. Rxc4 Rb7 35. Re4 Kf6 36. Bc4 Rb6 37. Re2 Rd6 38. Kg2 a5 39. Kf3 Nh6 40. Bb3 Nf5 41. Kg2 Nd4 42. Rd2 Rb6 43. Rxd4 Rxb3 44. Ra4 Rb5 45. Kh3 Kf5 46. Rc4 Rb3 47. Rc5+ Kf6 48. Rxa5 Rc3 49. Rg5 Rxa3 50. Re5 Ra1 51. Re2 Rg1 52. Rh2 Kf5 53. Rg2 Rxg2 54. Kxg2 e5 55. fxe5 Kxe5 56. Kf3 Kf5 57. Kf2 Ke4 58. Ke2 Ke5 59. Kf3 Kf5 60. Kf2 Kg4 61. Kg2 g5 62. hxg5 Kxg5 63. Kh3 Kg6 64. Kh4 Kh6 65. g4 hxg4 66. Kxg4 1/2-1/2


[Site "https://www.chess.com"]

[Event "Titled Tuesday Blitz January 17 Early 2023"]
[White "Hartikainen, Jarmo"]
[Black "Tarasova, Viktoriya"]
[WhiteFideId "503134"]
[BlackFideId "4175840"]
[WhiteElo "2108"]
[BlackElo "2226"]
[Result "0-1"]
[Round "04"]
[TimeControl "180+2"]
[Date "2023.01.17"]
[WhiteClock "0:00:01"]
[BlackClock "0:00:09"]

1. e4 c5 2. c3 Nf6 3. e5 Nd5 4. d4 cxd4 5. Nf3 d6 6. cxd4 Nc6 7. Nc3 Nxc3 8. bxc3 dxe5 9. d5 Nb8 10. Nxe5 Qc7 11. Qd4 f6 12. Bb5+ Nd7 13. Nxd7 Bxd7 14. Bxd7+ Qxd7 15. O-O b5 16. Be3 g6 17. a4 bxa4 18. Qxa4 Qxa4 19. Rxa4 Bg7 20. Rxa7 Rxa7 21. Bxa7 Kd7 22. Bd4 Rc8 23. Ra1 Bh6 24. g3 Kd6 25. Ra7 Bd2 26. Ra3 Kxd5 27. Kg2 e5 28. Ra5+ Ke4 29. Bb6 Bxc3 30. Ra7 h5 31. h4 Kf5 32. Rg7 Bb4 33. Rf7 Rc6 34. Bd8 Re6 35. Bc7 e4 36. Bb8 Bc3 37. Ba7 Be5 38. Be3 Rc6 39. Rf8 Rc2 40. Rf7 Ra2 41. Rf8 Ke6 42. Rg8 Kf7 43. Rc8 Rb2 44. Rd8 Rc2 45. Rd7+ Ke6 46. Rh7 Kf5 47. Rg7 Rc3 48. Rh7 Rd3 49. Rh8 Bd4 50. Bxd4 Rxd4 51. Rf8 Rd2 52. Kf1 Ra2 53. Re8 Rb2 54. Re7 Rb4 55. Re8 Kg4 56. Re6 Kf5 57. Re8 g5 58. Re7 gxh4 59. gxh4 Rb3 60. Rh7 Kg4 61. Kg2 Kxh4 62. Rf7 Rb6 63. Rg7 f5 64. Re7 Rg6+ 65. Kh2 Kg5 66. Re5 h4 67. Re8 Kf4 68. Rh8 Rg4 69. Rh7 Kf3 70. Rh5 f4 71. Rh8 Kxf2 72. Rh5 e3 73. Re5 e2 0-1


[Site "https://www.chess.com"]

[Event "Titled Tuesday Blitz January 17 Early 2023"]
[White "Papayan, Oleg"]
[Black "Soumya, Swaminathan"]
[WhiteFideId "4193911"]
[BlackFideId "5016193"]
[WhiteElo "2253"]
[BlackElo "2293"]
[Result "1-0"]
[Round "04"]
[TimeControl "180+2"]
[Date "2023.01.17"]
[WhiteClock "0:02:26"]
[BlackClock "0:00:01"]

1. e4 g6 2. h4 h5 3. Nf3 d6 4. d4 Bg7 5. Bc4 a6 6. c3 Nd7 7. Bxf7+ Kxf7 8. Ng5+ Ke8 9. Ne6 Nf8 10. Nxd8 Kxd8 11. Be3 Nf6 12. Nd2 Bd7 13. f3 c6 14. Qc2 Kc7 15. O-O-O b5 16. Bf4 Re8 17. e5 Nd5 18. Bg5 Bf5 19. Ne4 dxe5 20. dxe5 Bxe5 21. Rhe1 Ne6 22. Kb1 Nxg5 23. hxg5 h4 24. Ka1 Bg3 25. Re2 Rd8 26. Qb3 Nf4 27. Red2 1-0


[Site "https://www.chess.com"]

[Event "Titled Tuesday Blitz January 17 Early 2023"]
[White "Dinu, Dumitru-Daniel"]
[Black "Fernandez Siles, Luis"]
[WhiteFideId "1208403"]
[BlackFideId "2209420"]
[WhiteElo "2203"]
[BlackElo "2218"]
[Result "1/2-1/2"]
[Round "04"]
[TimeControl "180+2"]
[Date "2023.01.17"]
[WhiteClock "0:00:04"]
[BlackClock "0:00:09"]

1. e4 c5 2. Be2 Nc6 3. f4 g6 4. Nf3 Bg7 5. d3 d6 6. O-O e6 7. c3 Nge7 8. Be3 b6 9. a4 O-O 10. Na3 Bb7 11. Nc2 d5 12. e5 f6 13. d4 cxd4 14. Ncxd4 Nxd4 15. Nxd4 Qd7 16. Bg4 Nf5 17. Bxf5 gxf5 18. exf6 Rxf6 19. Nf3 Rg6 20. Bd4 Rg4 21. Qd2 Bxd4+ 22. Qxd4 Qg7 23. Qxg7+ Rxg7 24. Rfe1 Re7 25. Nd4 Kf7 26. Re5 Ba6 27. Rae1 Rae8 28. R1e3 Kf6 29. Rh3 Kg6 30. Kf2 Bc8 31. Rhe3 Bd7 32. Nxf5 Rf7 33. Nd6 Rxf4+ 34. Kg3 Ref8 35. h3 h5 36. Kh2 h4 37. a5 bxa5 38. Nb7 Rf2 39. Nc5 Bc8 40. Nxe6 Bxe6 41. Rxe6+ R8f6 42. R6e5 Rxb2 43. Rxd5 Rff2 44. Rd6+ Kf7 45. Rd7+ Kf6 46. Rd6+ Kf7 47. Rd7+ Kf6 48. Rd6+ Kf7 1/2-1/2


[Site "https://www.chess.com"]

[Event "Titled Tuesday Blitz January 17 Early 2023"]
[White "ritanovikova"]
[Black "Melikhov, Evgeny V."]
[BlackFideId "4122046"]
[WhiteElo "2137"]
[BlackElo "2269"]
[Result "0-1"]
[Round "04"]
[TimeControl "180+2"]
[Date "2023.01.17"]
[WhiteClock "0:00:57"]
[BlackClock "0:00:42"]

1. d4 Nf6 2. Bf4 d5 3. c3 c5 4. e3 Nc6 5. Nd2 cxd4 6. exd4 Bf5 7. Qb3 Qc8 8. Ngf3 e6 9. Bb5 a6 10. Be2 Be7 11. O-O O-O 12. Nh4 Bg6 13. Nxg6 hxg6 14. Nf3 Ne4 15. Ne5 Nxe5 16. Bxe5 Bd6 17. Bxd6 Nxd6 18. Bf3 Qc4 19. Qxc4 Nxc4 20. b3 Nd2 21. Rfd1 Nxf3+ 22. gxf3 Rfc8 23. Rac1 b5 24. a3 Rc6 25. Rd2 Rac8 26. Rdc2 Kf8 27. f4 Ke7 28. Kf1 Kf6 29. Kg2 Kf5 30. Kg3 Ke4 31. f3+ Kd3 32. Rb2 Rxc3 33. Rd1+ Ke3 34. Re1+ Kxd4 35. f5 gxf5 36. Kf4 Rd3 37. h4 Rcc3 38. a4 Rxf3+ 39. Kg5 Rg3+ 40. Kh5 Rxb3 41. axb5 Rxb2 42. Re4+ fxe4 43. b6 g6+ 44. Kh6 Rxb6 45. h5 gxh5 46. Kh7 h4 0-1


[Site "https://www.chess.com"]

[Event "Titled Tuesday Blitz January 17 Early 2023"]
[White "Kuchava, Ana"]
[Black "Kiseleva, Arina"]
[WhiteFideId "13605348"]
[BlackFideId "4164989"]
[WhiteElo "2101"]
[BlackElo "1962"]
[Result "0-1"]
[Round "04"]
[TimeControl "180+2"]
[Date "2023.01.17"]
[WhiteClock "0:00:12"]
[BlackClock "0:00:07"]

1. d4 Nf6 2. Nf3 e6 3. c4 Bb4+ 4. Bd2 Bxd2+ 5. Nbxd2 O-O 6. e3 d6 7. Bd3 Nc6 8. a3 a5 9. Qc2 a4 10. O-O Qe7 11. Ng5 h6 12. Nge4 e5 13. d5 Nxe4 14. Nxe4 Nd8 15. c5 f5 16. cxd6 cxd6 17. Ng3 f4 18. exf4 exf4 19. Rae1 Qh4 20. Re4 Qg5 21. Ne2 f3 22. Ng3 Bf5 23. Re3 Bxd3 24. Qxd3 fxg2 25. Kxg2 Nf7 26. Qf5 Qd8 27. Qe6 Kh8 28. Nf5 Ng5 29. Qxd6 Rxf5 30. Qxd8+ Rxd8 31. Rfe1 Rfxd5 32. Re8+ Kh7 33. R8e7 R5d7 34. R7e4 Nxe4 35. Rxe4 Rd2 36. Rb4 R8d7 37. Rb6 Rc7 38. Kg3 Rcc2 39. Rxb7 Rxb2 40. Ra7 Rb3+ 41. Kg2 Rxa3 42. h4 Raa2 43. h5 Rxf2+ 44. Kg3 Rfb2 45. Kf3 Rb4 46. Ke3 a3 47. Kd3 Rbb2 48. Kc3 Ra1 49. Ra6 Rc1+ 50. Kd3 Rcc2 51. Rxa3 Rh2 52. Ra5 Rh3+ 53. Ke4 Rbh2 54. Kf4 Rxh5 55. Ra7 R2h4+ 56. Kg3 Re4 57. Rb7 Ree5 58. Kf3 Rhg5 59. Kf4 h5 60. Rb1 Kh6 61. Rh1 Ref5+ 62. Ke4 g6 63. Ra1 Rg4+ 64. Ke3 Kg5 65. Ra8 h4 66. Ra1 h3 67. Rh1 Rh4 68. Rg1+ Kh5 69. Rh1 h2 70. Ke2 g5 71. Ke3 g4 72. Ke2 g3 73. Ke3 g2 74. Ke2 gxh1=Q 0-1


[Site "https://www.chess.com"]

[Event "Titled Tuesday Blitz January 17 Early 2023"]
[White "Zemlyanskii, Ivan"]
[Black "Liimatainen, Jero"]
[WhiteFideId "24249971"]
[BlackFideId "509531"]
[WhiteElo "2300"]
[BlackElo "1948"]
[Result "1-0"]
[Round "04"]
[TimeControl "180+2"]
[Date "2023.01.17"]
[WhiteClock "0:01:15"]
[BlackClock "0:00:12"]

1. d4 Nf6 2. c4 e6 3. Nf3 Bb4+ 4. Bd2 a5 5. a3 Bxd2+ 6. Qxd2 O-O 7. Nc3 d5 8. e3 c6 9. Rc1 Nbd7 10. Bd3 dxc4 11. Bxc4 b5 12. Bd3 Bb7 13. O-O h6 14. b4 axb4 15. axb4 Qe7 16. Ne4 Nxe4 17. Bxe4 Ra6 18. Rc2 Nf6 19. Bd3 Nd5 20. Rb1 Rfa8 21. e4 Nb6 22. h3 Ra1 23. Rxa1 Rxa1+ 24. Kh2 Ra4 25. Rb2 g6 26. Qxh6 Qf8 27. Qh4 Nc4 28. Bxc4 bxc4 29. Ne5 Qd6 30. Qf6 c3 31. Qxf7+ Kh8 32. Qf6+ Kg8 33. Qxg6+ Kf8 34. Qf7# 1-0


[Site "https://www.chess.com"]

[Event "Titled Tuesday Blitz January 17 Early 2023"]
[White "Ciuffoletti, Paolo"]
[Black "Ruiz Castillo, Joshua Daniel"]
[WhiteFideId "807630"]
[BlackFideId "4400704"]
[WhiteElo "2106"]
[BlackElo "2459"]
[Result "0-1"]
[Round "04"]
[TimeControl "180+2"]
[Date "2023.01.17"]
[WhiteClock "0:00:08"]
[BlackClock "0:00:50"]

1. e4 c5 2. d4 cxd4 3. c3 dxc3 4. Nxc3 Nc6 5. Nf3 d6 6. Bc4 e6 7. O-O Nf6 8. Qe2 Be7 9. Rd1 e5 10. h3 O-O 11. Be3 Be6 12. Bxe6 fxe6 13. b4 a6 14. b5 axb5 15. Qxb5 Qd7 16. Rab1 Ra3 17. Qb2 Rfa8 18. Rd2 h6 19. Qc1 d5 20. Nb5 Rxe3 21. fxe3 Nxe4 22. Rdb2 Rc8 23. Qe1 Bc5 24. Kh2 b6 25. Qe2 Rf8 26. Qd3 Qe7 27. Nc3 Nxc3 28. Qxc3 Qd6 29. Qb3 e4+ 0-1


[Site "https://www.chess.com"]

[Event "Titled Tuesday Blitz January 17 Early 2023"]
[White "Ordekalog"]
[Black "Cramling Bellon, Anna"]
[BlackFideId "32009232"]
[WhiteElo "2578"]
[BlackElo "2043"]
[Result "1-0"]
[Round "04"]
[TimeControl "180+2"]
[Date "2023.01.17"]
[WhiteClock "0:01:25"]
[BlackClock "0:00:01"]

1. e4 c5 2. d3 Nc6 3. g3 g6 4. Bg2 Bg7 5. f4 d6 6. Nf3 e5 7. O-O Nge7 8. f5 gxf5 9. Nh4 Nd4 10. c3 Ndc6 11. Qh5 f4 12. gxf4 Ng6 13. Nf5 Bxf5 14. exf5 Nxf4 15. Bxf4 exf4 16. Nd2 Ne5 17. Rae1 Kf8 18. Bd5 Qf6 19. Ne4 Qh6 20. Qxh6 Bxh6 21. Nf6 f3 22. d4 Nd3 23. Nd7+ Kg8 24. Re7 f2+ 25. Kh1 Ne5 26. dxe5 dxe5 27. Rxf2 Bg5 28. f6 h6 29. Rxf7 e4 30. Rg7# 1-0


[Site "https://www.chess.com"]

[Event "Titled Tuesday Blitz January 17 Early 2023"]
[White "Kvaloy, Aksel Bu"]
[Black "Garrido, Denis"]
[WhiteFideId "1528815"]
[BlackFideId "601217"]
[WhiteElo "2321"]
[BlackElo "2205"]
[Result "1-0"]
[Round "04"]
[TimeControl "180+2"]
[Date "2023.01.17"]
[WhiteClock "0:00:13"]
[BlackClock "0:00:36"]

1. d4 Nf6 2. c4 g6 3. g3 Bg7 4. Bg2 O-O 5. Nf3 d6 6. O-O c6 7. Nc3 Bf5 8. Re1 Ne4 9. Nh4 Nxc3 10. bxc3 Be6 11. Qd3 d5 12. cxd5 cxd5 13. Nf3 Nc6 14. Nd2 Bf5 15. e4 dxe4 16. Nxe4 Rc8 17. Qb5 Qb6 18. a4 Rfd8 19. Qxb6 axb6 20. Ba3 e5 21. Nd6 Rc7 22. Nxf5 gxf5 23. dxe5 Nxe5 24. Rab1 Nc4 25. Bb4 Rcd7 26. h4 f4 27. Bh3 Rd3 28. Bf5 Nd2 29. Bxd3 Nf3+ 30. Kf1 Nxe1 31. Be4 fxg3 32. fxg3 Re8 33. Rxe1 1-0


[Site "https://www.chess.com"]

[Event "Titled Tuesday Blitz January 17 Early 2023"]
[White "Nordquelle, Daniel"]
[Black "Goltseva, Ekaterina"]
[WhiteFideId "1519042"]
[BlackFideId "24173770"]
[WhiteElo "2151"]
[BlackElo "2283"]
[Result "0-1"]
[Round "04"]
[TimeControl "180+2"]
[Date "2023.01.17"]
[WhiteClock "0:00:04"]
[BlackClock "0:00:06"]

1. e4 c5 2. Nc3 Nc6 3. Bb5 Qb6 4. Nd5 Qa5 5. Bxc6 dxc6 6. Nc3 Nf6 7. Nge2 e5 8. d3 b5 9. O-O Be7 10. b3 O-O 11. Bb2 Be6 12. a4 Qb6 13. Ng3 c4 14. bxc4 bxc4 15. Rb1 Rfd8 16. Qf3 Bg4 17. Qe3 Qxe3 18. fxe3 cxd3 19. h3 Be6 20. cxd3 Rxd3 21. Rfe1 Bc5 22. Kf2 Rb8 23. Ba1 Rxb1 24. Nxb1 h5 25. Bxe5 h4 26. Nf1 Nxe4+ 27. Kg1 f6 28. Bb2 Bd5 29. Rc1 Bxe3+ 30. Nxe3 Rxe3 31. Nc3 Nxc3 32. Rxc3 Re2 33. Ba3 Rxg2+ 34. Kf1 Ra2 35. a5 Kf7 36. Re3 Kg6 37. Bb4 Rb2 38. Be1 a6 39. Re7 Bg2+ 40. Kg1 Bxh3 0-1


[Site "https://www.chess.com"]

[Event "Titled Tuesday Blitz January 17 Early 2023"]
[White "TacticalSam94"]
[Black "Novikov, Evgenij"]
[BlackFideId "4125380"]
[WhiteElo "2382"]
[BlackElo "2276"]
[Result "1-0"]
[Round "04"]
[TimeControl "180+2"]
[Date "2023.01.17"]
[WhiteClock "0:00:47"]
[BlackClock "0:00:24"]

1. e4 e5 2. Nf3 Nc6 3. Bb5 f5 4. d3 Nf6 5. O-O d6 6. Nc3 Be7 7. exf5 Bxf5 8. d4 e4 9. Nh4 Bd7 10. d5 Ne5 11. Nf5 O-O 12. Bxd7 Qxd7 13. Ng3 h6 14. Be3 b5 15. Bd4 Nc4 16. b3 Nb6 17. Bxb6 axb6 18. Ncxe4 Ng4 19. h3 Ne5 20. f4 Ng6 21. Qd2 Rf7 22. f5 Ne5 23. f6 Bf8 24. fxg7 Bxg7 25. Rxf7 Qxf7 26. Rf1 Qg6 27. Nf5 Kh7 28. Nxg7 Kxg7 29. Qf4 Rxa2 30. Qf8+ Kh7 31. Nf6+ Qxf6 32. Rxf6 1-0


[Site "https://www.chess.com"]

[Event "Titled Tuesday Blitz January 17 Early 2023"]
[White "Bambino Filho, Antonio Carlos"]
[Black "Cueto, Jonny"]
[WhiteFideId "2113163"]
[BlackFideId "3300145"]
[WhiteElo "2144"]
[BlackElo "2122"]
[Result "0-1"]
[Round "04"]
[TimeControl "180+2"]
[Date "2023.01.17"]
[WhiteClock "0:00:03"]
[BlackClock "0:00:03"]

1. e4 e6 2. Nc3 d5 3. Nf3 Nf6 4. e5 Nfd7 5. d4 c5 6. Bg5 Qb6 7. dxc5 Bxc5 8. Qd2 a6 9. Na4 Qc7 10. Nxc5 Nxc5 11. Bd3 Nc6 12. Qe2 Nxd3+ 13. cxd3 Bd7 14. O-O Rc8 15. Rac1 O-O 16. Be7 Rfe8 17. Bd6 Qb6 18. Qd2 Nd4 19. Ng5 h6 20. Nh3 Nf5 21. Ba3 Bb5 22. Nf4 Qd4 23. Rfe1 Rxc1 24. Qxc1 Bd7 25. b3 Rc8 26. Qd2 Qb6 27. Bb2 Bb5 28. d4 Ne7 29. Nd3 Nf5 30. Nc5 Qc6 31. Rc1 Qe8 32. a4 Bc6 33. Qe2 Qe7 34. Nd3 Rd8 35. Rc5 Rc8 36. Qc2 Qd7 37. Nb4 Qe8 38. Nd3 Qd7 39. b4 Ne7 40. b5 axb5 41. axb5 Bxb5 42. Nb4 Bc6 43. Ba3 Rb8 44. Ra5 Nc8 45. Nd3 b6 46. Ra6 Bb5 47. Ra7 Qxa7 48. Qb3 Bxd3 49. Qxd3 Qa5 50. h3 Qe1+ 51. Kh2 Qe4 52. Qc3 Ne7 53. Qc7 Re8 54. Bxe7 Qf5 55. Qd7 Qf4+ 56. Kg1 Ra8 57. Bb4 Ra1+ 0-1


[Site "https://www.chess.com"]